Calgary Flames vs Vegas Golden Knights
Created - Friday, October 11, 2024 at 08:18
Goals
|
| Calgary Flames |
1 |
2 |
3 |
6 |
| Vegas Golden Knights |
0 |
4 |
0 |
4 |
|
Shots
|
| Calgary Flames |
11 |
8 |
19 |
38 |
| Vegas Golden Knights |
16 |
18 |
5 |
39 |
|
1st period
1. Calgary Flames , Matthew Tkachuk 20 (J.T. Miller 35) at 11:28
Penalties :
Cody Glass (VGK) for High sticking (Minor) at 8:38, Matthew Tkachuk (CGY) for Tripping (Minor) at 16:05
2nd period
2. Vegas Golden Knights , Sean Monahan 16 (Tyler Bertuzzi 15) at 2:01
3. Vegas Golden Knights , Sean Monahan 17 (Tyler Toffoli 12, Roman Josi 18) at 3:09
4. Vegas Golden Knights , Reilly Smith 20 (Jordan Staal 15) at 3:30
5. Calgary Flames , Sebastian Aho 22 (Joel Eriksson Ek 18, J.T. Miller 36) at 4:33
6. Vegas Golden Knights , Tyler Toffoli 7 (Sean Monahan 21) at 7:50
7. Calgary Flames , Joel Eriksson Ek 18 (Kris Letang 10) at 17:33
Penalties :
Cody Glass (VGK) for Slashing (Minor) at 13:55, Roman Josi (VGK) for Roughing (Minor) at 17:36
3rd period
8. Calgary Flames , Sebastian Aho 23 (J.T. Miller 37) at 3:47 (PP)
9. Calgary Flames , J.T. Miller 14 (Drew Doughty 15) at 4:24
10. Calgary Flames , Pavel Zacha 13 (Matthew Tkachuk 26, Joel Eriksson Ek 19) at 8:50 (PP)
Penalties :
Cody Glass (VGK) for Interference (Minor) at 3:37, Travis Hamonic (VGK) for Tripping (Minor) at 8:32, Ryan Graves (VGK) for Roughing (Minor) at 9:20, Jordan Staal (VGK) for Holding (Minor) at 17:54
Goalie Stats
Ilya Sorokin (CGY), 35 saves from 39 shots - (0.897), W, 21-13-4, 60:00 minutes
Cayden Primeau (VGK), 32 saves from 38 shots - (0.842), L, 17-4-3, 60:00 minutes
Players Stats for Calgary Flames
Player Name G A P +/- PIM S H SB GA TA FO MP PP MP PK MP
------------------------------------------------------------------------------------
Cole Sillinger 0 0 0 0 0 0 0 3 0 0 0/1 12:19 0:00 0:58
Drew Doughty 0 1 1 0 0 1 0 1 1 1 0/0 21:36 4:17 0:50
Garnet Hathaway 0 0 0 -1 0 3 1 0 0 1 0/0 8:02 0:00 0:00
J.T. Miller 1 3 4 1 0 5 2 0 0 1 8/21 18:36 4:32 0:00
Jake Middleton 0 0 0 0 0 0 0 2 0 0 0/0 14:46 0:00 0:00
Jeff Petry 0 0 0 0 0 1 3 0 0 0 0/0 23:38 6:06 1:09
Jeremy Lauzon 0 0 0 0 0 2 2 1 0 0 0/0 14:46 0:00 0:00
Joel Eriksson Ek 1 2 3 0 0 5 2 0 2 0 4/7 20:53 5:37 1:07
Kris Letang 0 1 1 0 0 1 0 2 0 0 0/0 21:36 4:17 0:50
Mathieu Joseph 0 0 0 0 0 1 1 2 2 0 1/1 11:21 0:00 0:00
Matthew Tkachuk 1 1 2 1 2 3 1 0 0 2 0/0 20:00 5:51 0:00
Nic Dowd 0 0 0 -1 0 3 1 0 0 0 1/4 8:32 0:28 0:00
Oliver Bjorkstrand 0 0 0 0 0 1 0 0 1 0 4/8 11:35 0:14 0:00
Pavel Zacha 1 0 1 1 0 3 3 1 0 2 2/4 21:02 5:51 1:01
Rasmus Andersson 0 0 0 0 0 1 0 0 0 1 0/0 23:38 6:06 1:09
Sebastian Aho 2 0 2 0 0 6 1 0 1 1 11/23 19:15 4:18 0:52
Yakov Trenin 0 0 0 -1 0 1 0 0 0 0 0/0 8:02 0:00 0:00
Zach Hyman 0 0 0 0 0 1 0 0 0 0 1/3 18:23 4:18 0:00
Players Stats for Vegas Golden Knights
Player Name G A P +/- PIM S H SB GA TA FO MP PP MP PK MP
------------------------------------------------------------------------------------
Cody Glass 0 0 0 -1 6 4 0 0 1 0 0/0 13:10 0:00 0:48
Conor Sheary 0 0 0 -2 0 0 1 1 0 1 0/1 12:56 0:00 0:00
Curtis Lazar 0 0 0 0 0 0 0 1 0 0 0/0 12:49 0:00 4:58
Danton Heinen 0 0 0 -1 0 2 0 0 0 0 0/0 11:56 0:00 0:00
John Marino 0 0 0 0 0 1 0 2 0 0 0/0 13:43 0:00 0:00
Jordan Staal 0 1 1 -2 2 3 1 0 1 0 16/29 18:35 1:00 4:19
Marc-Edouard Vlasic 0 0 0 1 0 0 1 1 0 0 0/0 23:37 0:52 5:28
Pierre-edouard Bellemare 0 0 0 0 0 1 0 0 0 0 3/8 12:46 0:00 4:55
Reilly Smith 1 0 1 -2 0 3 3 2 1 0 0/1 13:56 1:00 0:00
Roman Josi 0 1 1 -1 2 1 3 1 2 0 0/0 22:13 1:07 4:05
Ryan Graves 0 0 0 -1 2 1 1 1 0 2 0/0 22:26 1:07 4:13
Sean Couturier 0 0 0 -1 0 3 1 0 1 0 6/13 13:14 1:00 0:18
Sean Monahan 2 1 3 3 0 9 0 0 0 2 14/19 15:33 0:59 0:00
Thomas Chabot 0 0 0 1 0 2 0 2 3 2 0/0 23:12 0:52 5:11
Travis Hamonic 0 0 0 0 2 0 5 1 0 0 0/0 15:31 0:00 1:49
Trevor Lewis 0 0 0 0 0 4 2 0 0 0 0/0 12:02 0:00 5:04
Tyler Bertuzzi 0 1 1 3 0 3 3 0 0 0 0/0 15:33 0:59 0:00
Tyler Toffoli 1 1 2 3 0 2 1 1 0 0 1/1 16:18 0:59 0:24
3 Stars
1 - J.T. Miller (CGY)
2 - Sean Monahan (VGK)
3 - Joel Eriksson Ek (CGY)
Power Play
Calgary Flames - 2 on 7 Attempt(s) - 28.57%
Vegas Golden Knights - 0 on 1 Attempt(s) - 0.00%
Penalty Kill
Calgary Flames - 1 on 1 Attempt(s) - 100.00%
- Score 0 goal in Penalty Kill
Vegas Golden Knights - 5 on 7 Attempt(s) - 71.43%
- Score 0 goal in Penalty Kill
Team Stat
Calgary Flames - Hits : 17 - Faceoff Wins : 32 - Blocked Shots : 12 - Penalty Minutes : 2
Vegas Golden Knights - Hits : 22 - Faceoff Wins : 40 - Blocked Shots : 13 - Penalty Minutes : 14
Official
Referees : Marc Joannette and Carter Sandlak
Linesman : Derek Nansen and Mark Shewchyk
Game Notes
No Game Note
Finance
Level 1 -- Attendance: 6000 (100.00%) -- Ticket Income $570,000
Level 2 -- Attendance: 4633 (92.66%) -- Ticket Income $254,815
Level 3 -- Attendance: 3000 (100.00%) -- Ticket Income $90,000
Level 4 -- Attendance: 5000 (100.00%) -- Ticket Income $100,000
Luxury Box -- Attendance: 953 (95.30%) -- Ticket Income $181,070
Game was played at the T-Mobile Arena.
Total Attendance: 19586 (97.93%)
Total Ticket Income: $1,195,885
Other Income: $418,560
Total Income: $1,614,445
Calgary Flames
5 vs 5 Forward
Center Left Wing Right Wing Time % Phy DF OF
1 J.T. Miller Pavel Zacha Matthew Tkachuk 30 1 2 2
2 Sebastian Aho Zach Hyman Joel Eriksson Ek 30 1 2 2
3 Oliver Bjorkstrand Cole Sillinger Mathieu Joseph 25 1 2 2
4 Nic Dowd Yakov Trenin Garnet Hathaway 15 1 2 2
5 vs 5 Defense
Defense Defense Time % Phy DF OF
1 Drew Doughty Kris Letang 35 1 2 2
2 Rasmus Andersson Jeff Petry 35 1 2 2
3 Jake Middleton Jeremy Lauzon 30 1 2 2
4 Drew Doughty Kris Letang 0 1 2 2
PowerPlay Forward
Center Left Wing Right Wing Time % Phy DF OF
1 Joel Eriksson Ek Pavel Zacha Matthew Tkachuk 50 1 2 2
2 Sebastian Aho Zach Hyman J.T. Miller 50 1 2 2
PowerPlay Defense
Defense Defense Time % Phy DF OF
1 Drew Doughty Kris Letang 50 1 2 2
2 Rasmus Andersson Jeff Petry 50 1 2 2
Penalty Kill 4 Players Forward
Center Wing Time % Phy DF OF
1 Pavel Zacha Sebastian Aho 50 1 2 2
2 Joel Eriksson Ek Matthew Tkachuk 50 1 2 2
Penalty Kill 4 Players Defense
Defense Defense Time % Phy DF OF
1 Drew Doughty Kris Letang 50 1 2 2
2 Rasmus Andersson Jeff Petry 50 1 2 2
Penalty Kill - 3 Players Forward
Forward Time % Phy DF OF
1 Matthew Tkachuk 50 1 2 2
2 Sebastian Aho 50 1 2 2
Penalty Kill - 3 Players Defense
Defense Defense Time % Phy DF OF
1 Drew Doughty Kris Letang 50 1 2 2
2 Rasmus Andersson Jeff Petry 50 1 2 2
4 vs 4 Forward
Center Wing Time % Phy DF OF
1 Pavel Zacha Sebastian Aho 50 1 2 2
2 Joel Eriksson Ek Matthew Tkachuk 50 1 2 2
4 vs 4 Defense
Defense Defense Time % Phy DF OF
1 Drew Doughty Kris Letang 50 1 2 2
2 Rasmus Andersson Jeff Petry 50 1 2 2
Last Minutes Offensive
Center Left Wing Right Wing Defense Defense
J.T. Miller Pavel Zacha Matthew Tkachuk Drew Doughty Kris Letang
Last Minutes Defensive
Center Left Wing Right Wing Defense Defense
J.T. Miller Pavel Zacha Matthew Tkachuk Drew Doughty Kris Letang
Goaltenders
Starting : Ilya Sorokin
Backup : Samuel Montembeault
Extra Forwards
Normal : Nic Dowd, Oliver Bjorkstrand, Cole Sillinger - PP : Nic Dowd, Oliver Bjorkstrand - PK : Cole Sillinger
Extra Defensemen
Normal : Jake Middleton, Jeremy Lauzon, Rasmus Andersson - PP : Jake Middleton - PK : Jeremy Lauzon, Rasmus Andersson
Penalty Shots
J.T. Miller, Sebastian Aho, Joel Eriksson Ek, Matthew Tkachuk, Pavel Zacha
Scratches
Timo Meier (Healthy), Noel Acciari (Healthy), Rafael Harvey-Pinard (Healthy)
Vegas Golden Knights
5 vs 5 Forward
Center Left Wing Right Wing Time % Phy DF OF
1 Sean Monahan Tyler Toffoli Tyler Bertuzzi 30 1 2 2
2 Jordan Staal Conor Sheary Reilly Smith 30 1 2 2
3 Sean Couturier Cody Glass Danton Heinen 25 1 2 2
4 Pierre-edouard Bellemare Curtis Lazar Trevor Lewis 15 1 2 2
5 vs 5 Defense
Defense Defense Time % Phy DF OF
1 Roman Josi Ryan Graves 35 1 2 2
2 Marc-Edouard Vlasic Thomas Chabot 35 1 2 2
3 John Marino Travis Hamonic 30 1 2 2
4 Roman Josi Ryan Graves 0 1 2 2
PowerPlay Forward
Center Left Wing Right Wing Time % Phy DF OF
1 Sean Monahan Tyler Toffoli Tyler Bertuzzi 50 1 2 2
2 Sean Couturier Jordan Staal Reilly Smith 50 1 2 2
PowerPlay Defense
Defense Defense Time % Phy DF OF
1 Roman Josi Ryan Graves 50 1 2 2
2 Marc-Edouard Vlasic Thomas Chabot 50 1 2 2
Penalty Kill 4 Players Forward
Center Wing Time % Phy DF OF
1 Jordan Staal Trevor Lewis 50 1 2 2
2 Pierre-edouard Bellemare Curtis Lazar 50 1 2 2
Penalty Kill 4 Players Defense
Defense Defense Time % Phy DF OF
1 Roman Josi Ryan Graves 50 1 2 2
2 Marc-Edouard Vlasic Thomas Chabot 50 1 2 2
Penalty Kill - 3 Players Forward
Forward Time % Phy DF OF
1 Jordan Staal 50 1 2 2
2 Pierre-edouard Bellemare 50 1 2 2
Penalty Kill - 3 Players Defense
Defense Defense Time % Phy DF OF
1 Roman Josi Ryan Graves 50 1 2 2
2 Marc-Edouard Vlasic Thomas Chabot 50 1 2 2
4 vs 4 Forward
Center Wing Time % Phy DF OF
1 Sean Monahan Tyler Toffoli 50 1 2 2
2 Sean Couturier Reilly Smith 50 1 2 2
4 vs 4 Defense
Defense Defense Time % Phy DF OF
1 Roman Josi Ryan Graves 50 1 2 2
2 Marc-Edouard Vlasic Thomas Chabot 50 1 2 2
Last Minutes Offensive
Center Left Wing Right Wing Defense Defense
Sean Monahan Tyler Toffoli Reilly Smith Roman Josi Ryan Graves
Last Minutes Defensive
Center Left Wing Right Wing Defense Defense
Sean Monahan Tyler Toffoli Reilly Smith Roman Josi Ryan Graves
Goaltenders
Starting : Cayden Primeau
Backup : Alexandar Georgiev
Extra Forwards
Normal : Danton Heinen, Trevor Lewis, Curtis Lazar - PP : Danton Heinen, Trevor Lewis - PK : Curtis Lazar
Extra Defensemen
Normal : John Marino, Travis Hamonic, Marc-Edouard Vlasic - PP : John Marino - PK : Travis Hamonic, Marc-Edouard Vlasic
Penalty Shots
Sean Monahan, Tyler Toffoli, Sean Couturier, Reilly Smith, Jordan Staal
Scratches
Zachary Jones (Healthy), Maxime Comtois (Healthy), Shea Theodore (Healthy), Zachary L'Heureux (Healthy), Nathan Gaucher (Healthy)
% Time on Ice - Calgary Flames
Lines # - Real PCT - Wanted PCT - Time Play
Normal Forward
1 - 30% - 30% - 14:05
2 - 30% - 30% - 14:10
3 - 24% - 25% - 11:21
4 - 17% - 15% - 8:02
Normal Defense
1 - 35% - 35% - 16:29
2 - 34% - 35% - 16:23
3 - 31% - 30% - 14:46
4 - 0% - 0% - 0:00
PP Forward
1 - 56% - 50% - 5:51
2 - 44% - 50% - 4:32
PP Defense
1 - 41% - 50% - 4:17
2 - 59% - 50% - 6:06
PK Forward
1 - 44% - 50% - 0:52
2 - 56% - 50% - 1:07
PK Defense
1 - 42% - 50% - 0:50
2 - 58% - 50% - 1:09
PK3 Forward
1 - 0% - 50%
2 - 0% - 50%
PK3 Defense
1 - 0% - 50%
2 - 0% - 50%
44 Forward
1 - 0% - 50%
2 - 0% - 50%
44 Defense
1 - 0% - 50%
2 - 0% - 50%
Last Minute Offensive - 0:00
Last Minute Defensive - 0:00
Total
Forward - 60:00
Defense - 60:00
|
% Time on Ice - Vegas Golden Knights
Lines # - Real PCT - Wanted PCT - Time Play
Normal Forward
1 - 31% - 30% - 14:55
2 - 29% - 30% - 13:49
3 - 25% - 25% - 11:56
4 - 15% - 15% - 6:58
Normal Defense
1 - 35% - 35% - 16:46
2 - 36% - 35% - 17:09
3 - 29% - 30% - 13:43
4 - 0% - 0% - 0:00
PP Forward
1 - 50% - 50% - 0:59
2 - 50% - 50% - 1:00
PP Defense
1 - 56% - 50% - 1:07
2 - 44% - 50% - 0:52
PK Forward
1 - 53% - 50% - 5:28
2 - 47% - 50% - 4:55
PK Defense
1 - 50% - 50% - 5:12
2 - 50% - 50% - 5:11
PK3 Forward
1 - 0% - 50%
2 - 0% - 50%
PK3 Defense
1 - 0% - 50%
2 - 0% - 50%
44 Forward
1 - 0% - 50%
2 - 0% - 50%
44 Defense
1 - 0% - 50%
2 - 0% - 50%
Last Minute Offensive - 0:00
Last Minute Defensive - 0:00
Total
Forward - 60:00
Defense - 60:00
|
Play-by-Play
1st period
0:01 of 1st period - J.T. Miller wins face-off versus Sean Monahan in neutral zone.
0:26 of 1st period - Joel Eriksson Ek is hit by Roman Josi and loses puck.
0:32 of 1st period - Drew Doughty is hit by Ryan Graves.
1:29 of 1st period - Off-side.
1:30 of 1st period - J.T. Miller wins face-off versus Jordan Staal in neutral zone.
1:51 of 1st period - Kris Letang is hit by Travis Hamonic.
2:01 of 1st period - Off-side.
2:02 of 1st period - Sebastian Aho wins face-off versus Sean Couturier in neutral zone.
2:36 of 1st period - Snap shot by Tyler Toffoli.
2:36 of 1st period - Shot Misses the Net.
2:38 of 1st period - Snap shot by Tyler Bertuzzi.
2:38 of 1st period - Stopped by Ilya Sorokin with a rebound.
2:56 of 1st period - Trevor Lewis is hit by Garnet Hathaway and loses puck.
3:19 of 1st period - Off-side.
3:20 of 1st period - Sebastian Aho wins face-off versus Sean Couturier in neutral zone.
3:33 of 1st period - Slapshot by Zach Hyman.
3:33 of 1st period - Shot Misses the Net.
4:16 of 1st period - Pavel Zacha is hit by Jordan Staal and loses puck.
4:37 of 1st period - Snap shot by Trevor Lewis.
4:37 of 1st period - Stopped by Ilya Sorokin without a rebound.
4:38 of 1st period - Sebastian Aho wins face-off versus Pierre-edouard Bellemare in Calgary Flames zone.
5:05 of 1st period - Rasmus Andersson is hit by Tyler Toffoli and loses puck.
5:26 of 1st period - Wrist shot by J.T. Miller.
5:26 of 1st period - Stopped by Cayden Primeau with a rebound.
5:44 of 1st period - Snap shot by Jordan Staal.
5:44 of 1st period - Stopped by Ilya Sorokin without a rebound.
5:45 of 1st period - Jordan Staal wins face-off versus Nic Dowd in Calgary Flames zone.
6:38 of 1st period - Slapshot by Mathieu Joseph.
6:38 of 1st period - Stopped by Cayden Primeau with a rebound.
7:23 of 1st period - Snap shot by Sebastian Aho.
7:23 of 1st period - Stopped by Cayden Primeau with a rebound.
7:25 of 1st period - Snap shot by Sebastian Aho.
7:25 of 1st period - Shot Blocked by Ryan Graves.
7:38 of 1st period - Sean Monahan is hit by Jeremy Lauzon and loses puck.
7:45 of 1st period - Snap shot by Nic Dowd.
7:45 of 1st period - Stopped by Cayden Primeau without a rebound.
7:46 of 1st period - Sean Couturier wins face-off versus Sebastian Aho in Vegas Golden Knights zone.
8:33 of 1st period - John Marino is hit by Joel Eriksson Ek.
8:38 of 1st period - Minor Penalty to Cody Glass for High sticking.
8:39 of 1st period - Jordan Staal wins face-off versus Joel Eriksson Ek in Vegas Golden Knights zone.
10:38 of 1st period - Penalty to Cody Glass is over, Cody Glass is back on ice.
10:48 of 1st period - Slapshot by Sean Monahan.
10:48 of 1st period - Shot Blocked by Mathieu Joseph.
10:50 of 1st period - Snap shot by John Marino.
10:50 of 1st period - Deflect By Jeff Petry.
10:50 of 1st period - Stopped by Ilya Sorokin without a rebound.
10:51 of 1st period - Sean Monahan wins face-off versus Oliver Bjorkstrand in Calgary Flames zone.
11:06 of 1st period - Snap shot by Tyler Bertuzzi.
11:06 of 1st period - Stopped by Ilya Sorokin with a rebound.
11:26 of 1st period - Wrist shot by Nic Dowd.
11:26 of 1st period - Stopped by Cayden Primeau without a rebound.
11:27 of 1st period - J.T. Miller wins face-off versus Jordan Staal in Vegas Golden Knights zone.
11:28 of 1st period - Wrist shot by Matthew Tkachuk.
11:28 of 1st period - Goal by Matthew Tkachuk - Calgary Flames : 1 - Vegas Golden Knights : 0.
11:29 of 1st period - Jordan Staal wins face-off versus J.T. Miller in neutral zone.
12:09 of 1st period - Snap shot by Tyler Toffoli.
12:09 of 1st period - Shot Blocked by Jake Middleton.
12:19 of 1st period - Snap shot by Trevor Lewis.
12:19 of 1st period - Shot Blocked by Jake Middleton.
12:21 of 1st period - Snap shot by Ryan Graves.
12:21 of 1st period - Stopped by Ilya Sorokin with a rebound.
12:25 of 1st period - Snap shot by Trevor Lewis.
12:25 of 1st period - Stopped by Ilya Sorokin with a rebound.
12:27 of 1st period - Snap shot by Pierre-edouard Bellemare.
12:27 of 1st period - Shot Blocked by Jeremy Lauzon.
12:29 of 1st period - Snap shot by Trevor Lewis.
12:29 of 1st period - Stopped by Ilya Sorokin with a rebound.
13:09 of 1st period - Snap shot by Sean Couturier.
13:09 of 1st period - Shot Misses the Net.
13:11 of 1st period - Snap shot by Sean Couturier.
13:11 of 1st period - Deflect By Cody Glass.
13:11 of 1st period - Stopped by Ilya Sorokin without a rebound.
13:12 of 1st period - Jordan Staal wins face-off versus J.T. Miller in Calgary Flames zone.
13:15 of 1st period - Slapshot by Jordan Staal.
13:15 of 1st period - Stopped by Ilya Sorokin with a rebound.
13:17 of 1st period - Slapshot by Thomas Chabot.
13:17 of 1st period - Deflect By Jordan Staal.
13:17 of 1st period - Stopped by Ilya Sorokin without a rebound.
13:18 of 1st period - Jordan Staal wins face-off versus Pavel Zacha in Calgary Flames zone.
13:55 of 1st period - Tyler Toffoli is hit by Mathieu Joseph and loses puck.
14:16 of 1st period - Slapshot by Thomas Chabot.
14:16 of 1st period - Stopped by Ilya Sorokin with a rebound.
14:33 of 1st period - Snap shot by Danton Heinen.
14:33 of 1st period - Stopped by Ilya Sorokin without a rebound.
14:34 of 1st period - Jordan Staal wins face-off versus J.T. Miller in Calgary Flames zone.
14:45 of 1st period - Slapshot by Pavel Zacha.
14:45 of 1st period - Shot Misses the Net.
14:47 of 1st period - Wrist shot by Matthew Tkachuk.
14:47 of 1st period - Shot Blocked by Reilly Smith.
14:49 of 1st period - Slapshot by Pavel Zacha.
14:49 of 1st period - Stopped by Cayden Primeau with a rebound.
14:51 of 1st period - Slapshot by Jeremy Lauzon.
14:51 of 1st period - Shot Blocked by John Marino.
15:46 of 1st period - Slapshot by Danton Heinen.
15:46 of 1st period - Stopped by Ilya Sorokin without a rebound.
15:47 of 1st period - Sean Couturier wins face-off versus Nic Dowd in Calgary Flames zone.
15:56 of 1st period - Slapshot by Sean Couturier.
15:56 of 1st period - Stopped by Ilya Sorokin without a rebound.
15:57 of 1st period - Jordan Staal wins face-off versus J.T. Miller in Calgary Flames zone.
16:05 of 1st period - Minor Penalty to Matthew Tkachuk for Tripping.
16:06 of 1st period - Pavel Zacha wins face-off versus Sean Monahan in Calgary Flames zone.
16:32 of 1st period - Drew Doughty is hit by Reilly Smith and loses puck.
16:37 of 1st period - Snap shot by Reilly Smith.
16:37 of 1st period - Stopped by Ilya Sorokin without a rebound.
16:38 of 1st period - Pavel Zacha wins face-off versus Sean Couturier in Calgary Flames zone.
16:55 of 1st period - Wrist shot by Pavel Zacha.
16:55 of 1st period - Deflect By Sebastian Aho.
16:55 of 1st period - Stopped by Cayden Primeau without a rebound.
16:56 of 1st period - Sean Monahan wins face-off versus Joel Eriksson Ek in Vegas Golden Knights zone.
18:05 of 1st period - Penalty to Matthew Tkachuk is over, Matthew Tkachuk is back on ice.
18:19 of 1st period - Snap shot by Nic Dowd.
18:19 of 1st period - Deflect By Garnet Hathaway.
18:19 of 1st period - Stopped by Cayden Primeau with a rebound.
18:21 of 1st period - Snap shot by Nic Dowd.
18:21 of 1st period - Shot Misses the Net.
18:23 of 1st period - Backhand shot by Kris Letang.
18:23 of 1st period - Stopped by Cayden Primeau without a rebound.
18:24 of 1st period - Jordan Staal wins face-off versus Oliver Bjorkstrand in Vegas Golden Knights zone.
18:37 of 1st period - Slapshot by Oliver Bjorkstrand.
18:37 of 1st period - Shot Misses the Net.
18:39 of 1st period - Slapshot by Jeremy Lauzon.
18:39 of 1st period - Stopped by Cayden Primeau without a rebound.
18:40 of 1st period - Sean Monahan wins face-off versus J.T. Miller in Vegas Golden Knights zone.
18:40 of 1st period - Sean Monahan is hit by J.T. Miller.
19:18 of 1st period - Snap shot by Oliver Bjorkstrand.
19:18 of 1st period - Deflect By Cole Sillinger.
19:18 of 1st period - Shot Blocked by Roman Josi.
19:18 of 1st period - Puck is out of play.
19:19 of 1st period - J.T. Miller wins face-off versus Jordan Staal in Vegas Golden Knights zone.
19:32 of 1st period - Kris Letang is hit by Reilly Smith and loses puck.
Goals for this period are 1 for Calgary Flames vs 0 for Vegas Golden Knights.
Shots for this period are 11 for Calgary Flames vs 16 for Vegas Golden Knights.
2nd period
0:01 of 2nd period - Jordan Staal wins face-off versus Sebastian Aho in neutral zone.
0:25 of 2nd period - Icing by Ryan Graves.
0:26 of 2nd period - Sean Monahan wins face-off versus J.T. Miller in Vegas Golden Knights zone.
1:24 of 2nd period - Off-side.
1:25 of 2nd period - Mathieu Joseph wins face-off versus Reilly Smith in neutral zone.
1:50 of 2nd period - Jeff Petry is hit by Tyler Bertuzzi and loses puck.
1:59 of 2nd period - Snap shot by Sean Monahan.
1:59 of 2nd period - Stopped by Ilya Sorokin with a rebound.
2:01 of 2nd period - Slapshot by Sean Monahan.
2:01 of 2nd period - Goal by Sean Monahan - Calgary Flames : 1 - Vegas Golden Knights : 1.
2:02 of 2nd period - Jordan Staal wins face-off versus Oliver Bjorkstrand in neutral zone.
2:27 of 2nd period - Tyler Bertuzzi is hit by Matthew Tkachuk and loses puck.
3:07 of 2nd period - Wrist shot by Sean Monahan.
3:07 of 2nd period - Shot Blocked by Kris Letang.
3:09 of 2nd period - Snap shot by Sean Monahan.
3:09 of 2nd period - Goal by Sean Monahan - Calgary Flames : 1 - Vegas Golden Knights : 2.
3:10 of 2nd period - Sebastian Aho wins face-off versus Sean Couturier in neutral zone.
3:13 of 2nd period - Cody Glass is hit by Joel Eriksson Ek and loses puck.
3:26 of 2nd period - Snap shot by Sean Couturier.
3:26 of 2nd period - Stopped by Ilya Sorokin without a rebound.
3:27 of 2nd period - Jordan Staal wins face-off versus J.T. Miller in Calgary Flames zone.
3:30 of 2nd period - Wrist shot by Reilly Smith.
3:30 of 2nd period - Goal by Reilly Smith - Calgary Flames : 1 - Vegas Golden Knights : 3.
3:31 of 2nd period - J.T. Miller wins face-off versus Jordan Staal in neutral zone.
3:34 of 2nd period - Jordan Staal is hit by Jeff Petry and loses puck.
4:31 of 2nd period - Snap shot by Sebastian Aho.
4:31 of 2nd period - Shot Misses the Net.
4:33 of 2nd period - Snap shot by Sebastian Aho.
4:33 of 2nd period - Goal by Sebastian Aho - Calgary Flames : 2 - Vegas Golden Knights : 3.
4:34 of 2nd period - Oliver Bjorkstrand wins face-off versus Jordan Staal in neutral zone.
4:59 of 2nd period - Mathieu Joseph is hit by Tyler Bertuzzi and loses puck.
5:10 of 2nd period - Snap shot by Sean Monahan.
5:10 of 2nd period - Stopped by Ilya Sorokin with a rebound.
5:12 of 2nd period - Slapshot by Sean Monahan.
5:12 of 2nd period - Stopped by Ilya Sorokin without a rebound.
5:13 of 2nd period - Sebastian Aho wins face-off versus Jordan Staal in Calgary Flames zone.
5:31 of 2nd period - Off-side.
5:32 of 2nd period - Sean Couturier wins face-off versus J.T. Miller in neutral zone.
5:45 of 2nd period - Wrist shot by Matthew Tkachuk.
5:45 of 2nd period - Shot Misses the Net.
5:47 of 2nd period - Slapshot by Matthew Tkachuk.
5:47 of 2nd period - Stopped by Cayden Primeau with a rebound.
6:15 of 2nd period - Snap shot by Oliver Bjorkstrand.
6:15 of 2nd period - Stopped by Cayden Primeau without a rebound.
6:16 of 2nd period - Oliver Bjorkstrand wins face-off versus Sean Monahan in Vegas Golden Knights zone.
6:41 of 2nd period - Sebastian Aho is hit by Sean Couturier and loses puck.
7:12 of 2nd period - Snap shot by Matthew Tkachuk.
7:12 of 2nd period - Shot Blocked by Reilly Smith.
7:42 of 2nd period - Slapshot by Roman Josi.
7:42 of 2nd period - Shot Misses the Net.
7:44 of 2nd period - Wrist shot by Sean Monahan.
7:44 of 2nd period - Shot Misses the Net.
7:46 of 2nd period - Slapshot by Roman Josi.
7:46 of 2nd period - Stopped by Ilya Sorokin with a rebound.
7:48 of 2nd period - Slapshot by Tyler Bertuzzi.
7:48 of 2nd period - Stopped by Ilya Sorokin without a rebound.
7:49 of 2nd period - Sean Monahan wins face-off versus Sebastian Aho in Calgary Flames zone.
7:50 of 2nd period - Snap shot by Tyler Toffoli.
7:50 of 2nd period - Goal by Tyler Toffoli - Calgary Flames : 2 - Vegas Golden Knights : 4.
7:51 of 2nd period - Jordan Staal wins face-off versus Sebastian Aho in neutral zone.
8:40 of 2nd period - Tyler Bertuzzi is hit by Pavel Zacha.
9:11 of 2nd period - Slapshot by Pierre-edouard Bellemare.
9:11 of 2nd period - Stopped by Ilya Sorokin with a rebound.
9:47 of 2nd period - Off-side.
9:48 of 2nd period - Sean Monahan wins face-off versus J.T. Miller in neutral zone.
9:59 of 2nd period - Backhand shot by Tyler Bertuzzi.
9:59 of 2nd period - Shot Blocked by Pavel Zacha.
10:03 of 2nd period - Snap shot by Sean Monahan.
10:03 of 2nd period - Stopped by Ilya Sorokin without a rebound.
10:04 of 2nd period - Sean Couturier wins face-off versus Sebastian Aho in Calgary Flames zone.
10:12 of 2nd period - Snap shot by Sean Couturier.
10:12 of 2nd period - Shot Blocked by Kris Letang.
10:14 of 2nd period - Slapshot by Sean Couturier.
10:14 of 2nd period - Shot Blocked by Drew Doughty.
10:16 of 2nd period - Snap shot by Cody Glass.
10:16 of 2nd period - Stopped by Ilya Sorokin without a rebound.
10:17 of 2nd period - J.T. Miller wins face-off versus Sean Monahan in Calgary Flames zone.
10:29 of 2nd period - Snap shot by Sean Monahan.
10:29 of 2nd period - Stopped by Ilya Sorokin with a rebound.
11:15 of 2nd period - Wrist shot by Sean Couturier.
11:15 of 2nd period - Shot Blocked by Cole Sillinger.
11:17 of 2nd period - Slapshot by Thomas Chabot.
11:17 of 2nd period - Stopped by Ilya Sorokin with a rebound.
11:41 of 2nd period - Pierre-edouard Bellemare is hit by Nic Dowd and loses puck.
12:29 of 2nd period - Snap shot by Mathieu Joseph.
12:29 of 2nd period - Shot Blocked by John Marino.
12:57 of 2nd period - Snap shot by Yakov Trenin.
12:57 of 2nd period - Stopped by Cayden Primeau without a rebound.
12:58 of 2nd period - Sean Monahan wins face-off versus J.T. Miller in Vegas Golden Knights zone.
13:04 of 2nd period - Off-side.
13:05 of 2nd period - Sean Monahan wins face-off versus J.T. Miller in neutral zone.
13:31 of 2nd period - Off-side.
13:32 of 2nd period - Sebastian Aho wins face-off versus Sean Couturier in neutral zone.
13:43 of 2nd period - Slapshot by Rasmus Andersson.
13:43 of 2nd period - Shot Misses the Net.
13:55 of 2nd period - Minor Penalty to Cody Glass for Slashing.
13:56 of 2nd period - Joel Eriksson Ek wins face-off versus Pierre-edouard Bellemare in Vegas Golden Knights zone.
13:59 of 2nd period - Snap shot by Joel Eriksson Ek.
13:59 of 2nd period - Shot Blocked by Curtis Lazar.
14:01 of 2nd period - Slapshot by Jeff Petry.
14:01 of 2nd period - Shot Misses the Net.
14:03 of 2nd period - Backhand shot by Matthew Tkachuk.
14:03 of 2nd period - Shot Misses the Net.
14:05 of 2nd period - Snap shot by Jeff Petry.
14:05 of 2nd period - Shot Misses the Net.
14:07 of 2nd period - Wrist shot by Matthew Tkachuk.
14:07 of 2nd period - Shot Misses the Net.
14:09 of 2nd period - Wrist shot by Jeff Petry.
14:09 of 2nd period - Deflect By Matthew Tkachuk.
14:09 of 2nd period - Shot Misses the Net.
14:09 of 2nd period - Puck is out of play.
14:10 of 2nd period - J.T. Miller wins face-off versus Jordan Staal in Vegas Golden Knights zone.
14:47 of 2nd period - Snap shot by Joel Eriksson Ek.
14:47 of 2nd period - Stopped by Cayden Primeau with a rebound.
15:33 of 2nd period - Trevor Lewis is hit by Jeff Petry.
15:55 of 2nd period - Penalty to Cody Glass is over, Cody Glass is back on ice.
16:02 of 2nd period - Snap shot by Nic Dowd.
16:02 of 2nd period - Shot Misses the Net.
16:04 of 2nd period - Snap shot by Nic Dowd.
16:04 of 2nd period - Shot Misses the Net.
16:10 of 2nd period - Wrist shot by Garnet Hathaway.
16:10 of 2nd period - Stopped by Cayden Primeau with a rebound.
16:26 of 2nd period - Icing by Ryan Graves.
16:27 of 2nd period - Sean Monahan wins face-off versus Cole Sillinger in Vegas Golden Knights zone.
16:43 of 2nd period - Slapshot by Sean Monahan.
16:43 of 2nd period - Stopped by Ilya Sorokin with a rebound.
16:45 of 2nd period - Slapshot by John Marino.
16:45 of 2nd period - Shot Misses the Net.
16:47 of 2nd period - Slapshot by Travis Hamonic.
16:47 of 2nd period - Shot Blocked by Cole Sillinger.
17:14 of 2nd period - Snap shot by Sean Monahan.
17:14 of 2nd period - Deflect By Tyler Toffoli.
17:14 of 2nd period - Stopped by Ilya Sorokin with a rebound.
17:16 of 2nd period - Snap shot by Travis Hamonic.
17:16 of 2nd period - Shot Blocked by Mathieu Joseph.
17:18 of 2nd period - Wrist shot by Sean Monahan.
17:18 of 2nd period - Stopped by Ilya Sorokin without a rebound.
17:19 of 2nd period - Sebastian Aho wins face-off versus Conor Sheary in Calgary Flames zone.
17:19 of 2nd period - Sebastian Aho is hit by Travis Hamonic.
17:33 of 2nd period - Snap shot by Joel Eriksson Ek.
17:33 of 2nd period - Goal by Joel Eriksson Ek - Calgary Flames : 3 - Vegas Golden Knights : 4.
17:34 of 2nd period - Jordan Staal wins face-off versus J.T. Miller in neutral zone.
17:36 of 2nd period - Minor Penalty to Roman Josi for Roughing.
17:37 of 2nd period - Jordan Staal wins face-off versus Zach Hyman in Vegas Golden Knights zone.
17:47 of 2nd period - Snap shot by Zach Hyman.
17:47 of 2nd period - Shot Misses the Net.
17:49 of 2nd period - Wrist shot by Sebastian Aho.
17:49 of 2nd period - Stopped by Cayden Primeau without a rebound.
17:50 of 2nd period - Joel Eriksson Ek wins face-off versus Jordan Staal in Vegas Golden Knights zone.
18:57 of 2nd period - Curtis Lazar is hit by Sebastian Aho and loses puck.
19:36 of 2nd period - Penalty to Roman Josi is over, Roman Josi is back on ice.
Goals for this period are 2 for Calgary Flames vs 4 for Vegas Golden Knights.
Shots for this period are 8 for Calgary Flames vs 18 for Vegas Golden Knights.
3rd period
0:01 of 3rd period - Sean Couturier wins face-off versus Pavel Zacha in neutral zone.
0:08 of 3rd period - Slapshot by J.T. Miller.
0:08 of 3rd period - Stopped by Cayden Primeau without a rebound.
0:09 of 3rd period - Sean Couturier wins face-off versus J.T. Miller in Vegas Golden Knights zone.
1:04 of 3rd period - Slapshot by Roman Josi.
1:04 of 3rd period - Deflect By Sean Couturier.
1:04 of 3rd period - Shot Misses the Net.
1:04 of 3rd period - Puck is out of play.
1:05 of 3rd period - Jordan Staal wins face-off versus Sebastian Aho in Calgary Flames zone.
1:08 of 3rd period - Wrist shot by Conor Sheary.
1:08 of 3rd period - Shot Misses the Net.
1:10 of 3rd period - Snap shot by Reilly Smith.
1:10 of 3rd period - Deflect By Joel Eriksson Ek.
1:10 of 3rd period - Stopped by Ilya Sorokin without a rebound.
1:11 of 3rd period - Sebastian Aho wins face-off versus Jordan Staal in Calgary Flames zone.
1:16 of 3rd period - Wrist shot by Jeff Petry.
1:16 of 3rd period - Stopped by Cayden Primeau without a rebound.
1:17 of 3rd period - Sebastian Aho wins face-off versus Jordan Staal in Vegas Golden Knights zone.
1:26 of 3rd period - Snap shot by Zach Hyman.
1:26 of 3rd period - Stopped by Cayden Primeau without a rebound.
1:27 of 3rd period - Sebastian Aho wins face-off versus Jordan Staal in Vegas Golden Knights zone.
1:28 of 3rd period - Snap shot by Joel Eriksson Ek.
1:28 of 3rd period - Shot Misses the Net.
1:30 of 3rd period - Snap shot by Sebastian Aho.
1:30 of 3rd period - Shot Blocked by Conor Sheary.
1:32 of 3rd period - Wrist shot by Zach Hyman.
1:32 of 3rd period - Shot Blocked by Thomas Chabot.
1:34 of 3rd period - Snap shot by Sebastian Aho.
1:34 of 3rd period - Stopped by Cayden Primeau with a rebound.
1:36 of 3rd period - Wrist shot by Zach Hyman.
1:36 of 3rd period - Shot Misses the Net.
1:38 of 3rd period - Wrist shot by Joel Eriksson Ek.
1:38 of 3rd period - Stopped by Cayden Primeau without a rebound.
1:39 of 3rd period - Sean Monahan wins face-off versus Sebastian Aho in Vegas Golden Knights zone.
1:39 of 3rd period - Sean Monahan is hit by Jeremy Lauzon.
1:52 of 3rd period - Zach Hyman is hit by Marc-Edouard Vlasic and loses puck.
2:28 of 3rd period - Slapshot by Thomas Chabot.
2:28 of 3rd period - Deflect By Curtis Lazar.
2:28 of 3rd period - Shot Blocked by Cole Sillinger.
2:28 of 3rd period - Puck is out of play.
2:29 of 3rd period - Pierre-edouard Bellemare wins face-off versus Oliver Bjorkstrand in Calgary Flames zone.
2:32 of 3rd period - Snap shot by Trevor Lewis.
2:32 of 3rd period - Stopped by Ilya Sorokin without a rebound.
2:33 of 3rd period - Sebastian Aho wins face-off versus Pierre-edouard Bellemare in Calgary Flames zone.
2:37 of 3rd period - Off-side.
2:38 of 3rd period - Sean Monahan wins face-off versus Sebastian Aho in neutral zone.
3:22 of 3rd period - Rasmus Andersson is hit by Roman Josi and loses puck.
3:37 of 3rd period - Minor Penalty to Cody Glass for Interference.
3:38 of 3rd period - J.T. Miller wins face-off versus Jordan Staal in Vegas Golden Knights zone.
3:47 of 3rd period - Wrist shot by Sebastian Aho.
3:47 of 3rd period - Goal by Sebastian Aho - Calgary Flames : 4 - Vegas Golden Knights : 4.
3:48 of 3rd period - Sean Monahan wins face-off versus Sebastian Aho in neutral zone.
4:15 of 3rd period - Reilly Smith is hit by Pavel Zacha and loses puck.
4:22 of 3rd period - Slapshot by J.T. Miller.
4:22 of 3rd period - Stopped by Cayden Primeau with a rebound.
4:24 of 3rd period - Wrist shot by J.T. Miller.
4:24 of 3rd period - Goal by J.T. Miller - Calgary Flames : 5 - Vegas Golden Knights : 4.
4:25 of 3rd period - Zach Hyman wins face-off versus Sean Monahan in neutral zone.
5:25 of 3rd period - Kris Letang is hit by Trevor Lewis and loses puck.
5:40 of 3rd period - Slapshot by Sean Couturier.
5:40 of 3rd period - Stopped by Ilya Sorokin without a rebound.
5:41 of 3rd period - Nic Dowd wins face-off versus Sean Couturier in Calgary Flames zone.
6:08 of 3rd period - Zach Hyman is hit by Travis Hamonic and loses puck.
7:19 of 3rd period - Garnet Hathaway is hit by Travis Hamonic and loses puck.
7:32 of 3rd period - Sebastian Aho is hit by Travis Hamonic and loses puck.
8:02 of 3rd period - Kris Letang is hit by Conor Sheary and loses puck.
8:32 of 3rd period - Minor Penalty to Travis Hamonic for Tripping.
8:33 of 3rd period - Jordan Staal wins face-off versus Joel Eriksson Ek in Vegas Golden Knights zone.
8:38 of 3rd period - Off-side.
8:39 of 3rd period - Joel Eriksson Ek wins face-off versus Jordan Staal in neutral zone.
8:50 of 3rd period - Wrist shot by Pavel Zacha.
8:50 of 3rd period - Goal by Pavel Zacha - Calgary Flames : 6 - Vegas Golden Knights : 4.
8:51 of 3rd period - Sean Monahan wins face-off versus Sebastian Aho in neutral zone.
9:04 of 3rd period - Zach Hyman is hit by Roman Josi and loses puck.
9:20 of 3rd period - Minor Penalty to Ryan Graves for Roughing.
9:21 of 3rd period - Pierre-edouard Bellemare wins face-off versus Sebastian Aho in Vegas Golden Knights zone.
9:35 of 3rd period - Snap shot by Sebastian Aho.
9:35 of 3rd period - Deflect By J.T. Miller.
9:35 of 3rd period - Shot Blocked by Travis Hamonic.
9:35 of 3rd period - Puck is out of play.
9:36 of 3rd period - Joel Eriksson Ek wins face-off versus Pierre-edouard Bellemare in Vegas Golden Knights zone.
9:49 of 3rd period - Slapshot by Drew Doughty.
9:49 of 3rd period - Stopped by Cayden Primeau with a rebound.
9:51 of 3rd period - Slapshot by Pavel Zacha.
9:51 of 3rd period - Shot Misses the Net.
9:53 of 3rd period - Slapshot by Kris Letang.
9:53 of 3rd period - Shot Misses the Net.
11:09 of 3rd period - Pierre-edouard Bellemare is hit by Pavel Zacha and loses puck.
11:20 of 3rd period - Penalty to Ryan Graves is over, Ryan Graves is back on ice.
11:32 of 3rd period - Snap shot by Yakov Trenin.
11:32 of 3rd period - Shot Blocked by Marc-Edouard Vlasic.
11:34 of 3rd period - Slapshot by Jake Middleton.
11:34 of 3rd period - Shot Misses the Net.
11:36 of 3rd period - Wrist shot by Garnet Hathaway.
11:36 of 3rd period - Shot Misses the Net.
11:38 of 3rd period - Slapshot by Jeremy Lauzon.
11:38 of 3rd period - Deflect By Garnet Hathaway.
11:38 of 3rd period - Stopped by Cayden Primeau with a rebound.
11:40 of 3rd period - Slapshot by Jeremy Lauzon.
11:40 of 3rd period - Stopped by Cayden Primeau without a rebound.
11:41 of 3rd period - Oliver Bjorkstrand wins face-off versus Sean Couturier in Vegas Golden Knights zone.
12:06 of 3rd period - Jake Middleton is hit by Tyler Bertuzzi and loses puck.
12:12 of 3rd period - Icing by Nic Dowd.
12:13 of 3rd period - Sean Monahan wins face-off versus Nic Dowd in Calgary Flames zone.
12:36 of 3rd period - Wrist shot by Nic Dowd.
12:36 of 3rd period - Stopped by Cayden Primeau with a rebound.
12:42 of 3rd period - Wrist shot by Garnet Hathaway.
12:42 of 3rd period - Shot Misses the Net.
13:06 of 3rd period - Wrist shot by J.T. Miller.
13:06 of 3rd period - Shot Misses the Net.
13:08 of 3rd period - Wrist shot by Pavel Zacha.
13:08 of 3rd period - Stopped by Cayden Primeau with a rebound.
13:10 of 3rd period - Wrist shot by J.T. Miller.
13:10 of 3rd period - Stopped by Cayden Primeau without a rebound.
13:11 of 3rd period - Tyler Toffoli wins face-off versus Zach Hyman in Vegas Golden Knights zone.
13:36 of 3rd period - Matthew Tkachuk is hit by Reilly Smith.
15:57 of 3rd period - Curtis Lazar is hit by Jeff Petry and loses puck.
16:24 of 3rd period - Tyler Bertuzzi is hit by J.T. Miller.
16:46 of 3rd period - Wrist shot by Cody Glass.
16:46 of 3rd period - Stopped by Ilya Sorokin without a rebound.
16:47 of 3rd period - Oliver Bjorkstrand wins face-off versus Pierre-edouard Bellemare in Calgary Flames zone.
17:19 of 3rd period - Snap shot by Garnet Hathaway.
17:19 of 3rd period - Shot Misses the Net.
17:21 of 3rd period - Slapshot by Kris Letang.
17:21 of 3rd period - Shot Blocked by Thomas Chabot.
17:54 of 3rd period - Minor Penalty to Jordan Staal for Holding.
17:55 of 3rd period - Pierre-edouard Bellemare wins face-off versus Sebastian Aho in Vegas Golden Knights zone.
18:22 of 3rd period - Matthew Tkachuk is hit by Trevor Lewis and loses puck.
18:27 of 3rd period - Wrist shot by Cody Glass.
18:27 of 3rd period - Stopped by Ilya Sorokin with a rebound.
19:00 of 3rd period - Wrist shot by Matthew Tkachuk.
19:00 of 3rd period - Stopped by Cayden Primeau with a rebound.
19:10 of 3rd period - Snap shot by Joel Eriksson Ek.
19:10 of 3rd period - Stopped by Cayden Primeau with a rebound.
19:22 of 3rd period - Wrist shot by Matthew Tkachuk.
19:22 of 3rd period - Shot Blocked by Tyler Toffoli.
19:36 of 3rd period - Slapshot by Rasmus Andersson.
19:36 of 3rd period - Stopped by Cayden Primeau with a rebound.
19:50 of 3rd period - Snap shot by Joel Eriksson Ek.
19:50 of 3rd period - Stopped by Cayden Primeau with a rebound.
19:54 of 3rd period - Penalty to Jordan Staal is over, Jordan Staal is back on ice.
Goals for this period are 3 for Calgary Flames vs 0 for Vegas Golden Knights.
Shots for this period are 19 for Calgary Flames vs 5 for Vegas Golden Knights.
Back to the Top